 Dungeon Crawl Stone Soup version 0.26-a0-639-g72c4674329 (webtiles) character file.

Game seed: 2014205115831848008

53 Lugonue the Magician (level 3, -4/19 HPs)
             Began as a Deep Elf Fire Elementalist on Sept 17, 2020.
             Shot with an arrow by a centaur (15 damage)
             ... on level 3 of the Dungeon.
             The game lasted 00:03:29 (2398 turns).

Lugonue the Magician (Deep Elf Fire Elementalist)   Turns: 2398, Time: 00:03:30

Health: -4/19      AC:  5    Str:  3    XL:     3   Next: 64%
Magic:  4/10       EV: 13    Int: 20    God:
Gold:   122        SH:  0    Dex: 15    Spells: 6/10 levels left

rFire    . . .     SeeInvis .   c - +1 spear (freeze)
rCold    . . .     Faith    .   (no shield)
rNeg     . . .     Spirit   .   a - +0 robe
rPois    .         Reflect  .   (no helmet)
rElec    .         Harm     .   (no cloak)
rCorr    .         Rampage  .   (no gloves)
MR       +....     Rnd*Tele +   (no boots)
Stlth    ++........             (no amulet)
HPRegen  0.06/turn              b - ring of teleportation (curse)
MPRegen  0.12/turn              (no ring)

@: no status effects
A: slimy green scales 1, magic resistance 1, shaggy fur 1, weak 1
a: no special abilities


You were on level 3 of the Dungeon.
You visited 1 branch of the dungeon, and saw 3 of its levels.

You collected 122 gold pieces.

Inventory:

Hand Weapons
 c - a +1 spear of freezing (weapon)
Armour
 a - a +0 robe (worn)
 g - a +0 ring mail
Jewellery
 b - a cursed ring of teleportation (left hand)
Scrolls
 j - a scroll of teleportation
Potions
 e - a potion of berserk rage
 h - a potion of flight {unknown}
 i - a potion of might {unknown}


   Skills:
 + Level 0.1 Fighting
 + Level 2.5 Dodging
 + Level 3.0 Stealth
 + Level 4.2 Spellcasting
 + Level 1.5 Conjurations
 + Level 4.0 Fire Magic


You had 6 spell levels left.
You knew the following spells:

 Your Spells              Type           Power        Failure   Level
a - Foxfire               Conj/Fire      ###.         4%          1
b - Inner Flame           Hex/Fire       ##......     17%         3

Your spell library contained the following spells:

 Spells                   Type           Power        Failure   Level
 Conjure Flame            Conj/Fire      ###.....     12%         3
 Sticky Flame             Conj/Fire      ###.....     38%         4
 Fireball                 Conj/Fire      ###.......   75%         5


Dungeon Overview and Level Annotations

Branches:
Dungeon (3/15)

Altars:


Innate Abilities, Weirdness & Mutations

You are partially covered in slimy green scales. (AC +2)
You are resistant to hostile enchantments. (MR+)
You are covered in fur. (AC +1)
You are weak. (Str -2)


Message History

Casting: Foxfire (safe; 4% risk of failure)
Confirm with . or Enter, or press ? or * to list all spells.
You conjure some foxfire!
The centaur shoots an arrow.
The arrow hits you but does no damage.
Your foxfire dissipates!
Casting: Foxfire (safe; 4% risk of failure)
Confirm with . or Enter, or press ? or * to list all spells.
You conjure some foxfire!
The foxfire hits the centaur.
The centaur is heavily wounded.
The centaur unwields a +0 shortbow.
The centaur hits you.
The foxfire hits the centaur but does no damage.
The centaur is heavily wounded.
The foxfire hits the centaur.
The centaur is severely wounded.
The foxfire hits the centaur.
The centaur is almost dead.
The centaur wields a +0 shortbow.
The centaur shoots an arrow.
The arrow hits you!
Ouch! That really hurt!
You die...

..##.#.###.##..##### ..
..................#...#
..............#.....#
#...........#.#.###
#####...........#.# ..
....#...........#.# ##
#...........§.c(#
###.........§(###
#.........@§#
###.###...#####
#....##.#...#
#....##.#.#..
#..<.##.#..... #...##
.# .... #.### #.# #.#


You could see a centaur.

Vanquished Creatures
  A leopard gecko (D:1)
  2 orcs
  A giant cockroach (D:1)
  5 hobgoblins
  2 jackals (D:2)
  A quokka (D:2)
  2 bats (D:1)
  8 frilled lizards
  10 goblins
  9 kobolds
  7 rats
48 creatures vanquished.

Vanquished Creatures (others)
  125 foxfires
125 creatures vanquished.

Grand Total: 173 creatures vanquished

Notes
Turn   | Place    | Note
-------+----------+-------------------------------------------
     0 | D:1      | Lugonue the Deep Elf Fire Elementalist began the quest for
                  | the Orb.
     0 | D:1      | Reached XP level 1. HP: 10/10 MP: 6/6
   264 | D:1      | Reached XP level 2. HP: 15/15 MP: 4/8
  1290 | D:2      | Reached XP level 3. HP: 19/19 MP: 6/10
  1306 | D:2      | Learned a level 3 spell: Inner Flame
  2251 | D:3      | Gained mutation: You are covered in fur. (AC +1) [potion of
                  | mutation]
  2251 | D:3      | Gained mutation: You are weak. (Str -2) [potion of
                  | mutation]
  2251 | D:3      | Gained mutation: You are resistant to hostile enchantments.
                  | (MR+) [potion of mutation]
  2251 | D:3      | Gained mutation: You are partially covered in slimy green
                  | scales. (AC +2) [potion of mutation]
  2376 | D:3      | Noticed a centaur
  2398 | D:3      | Shot with an arrow by a centaur

Illustrated notes

Levels and vault maps discovered:
D:1:      matt_arrival_grand_opening, layout_basic
D:2:      layout_basic, kennysheep_path_1, st_stairs_14
D:3:      layout_rooms, nicolae_overflow_hidden_temple

Skill      XL: |  1  2  3 |
---------------+----------+-----
Spellcasting   | 4 |  4.2
Fire Magic     | 4 |  4.0
Stealth        | 3 |  3.0
Fighting       | |  0.1
Dodging        | |  2.5
Conjurations   | |  1.5

Action                   || total
-------------------------++-------
Melee: Spear             ||    26
 Cast: Foxfire           ||    85
  Use: Scroll            ||     6
       Potion            ||     1
 Stab: Sleeping          ||     2
Armor: Robe              ||     6
Dodge: Dodged            ||    30

Table legend: (Time is in decaauts)
 A = Elapsed time spent in this place.
 B = Non-inter-level travel time spent in this place.
 C = Inter-level travel time spent in this place.
 D = Time resting spent in this place.
 E = Time spent auto-exploring this place.
 F = Levels seen in this place.
 G = Mean time per level.
                   A        B        C        D        E       F      G
               +--------+--------+--------+--------+--------+-----+--------+
         Total |   2400 |   2343 |     57 |    322 |   1677 |   3 |  800.0 |
       Dungeon |   2400 |   2343 |     57 |    322 |   1677 |   3 |  800.0 |
               +--------+--------+--------+--------+--------+-----+--------+

Top non-repeatable levels by time:
     D:1: 1248 daAuts
     D:2: 949 daAuts
     D:3: 202 daAuts
